Workbook

Sheet Data
A1: Estimation de prestation annuelle à la retraite | J1: Show, tout voir : Hide, pour client
A2: Régime de pension des professeures, professeurs et bibliothécaires de l'Université de Moncton | J2: Hide
A3: =CONCATENATE("(pour calcul de l'année ",Calculatrice!$A$7,")") -> (pour calcul de l'année 2026)
O4: Indexation disponible | Q4: Mois | R4: Équivalent | T4: Année | U4: Salaire
B5: Nom : | O5: 0 | Q5: 1 | R5: janvier | T5: =C9-1 -> -1 | U5: =E12 -> 0
O6: =+O5+0.0025 -> 0.0025 | Q6: =+Q5+1 -> 2 | R6: février | T6: =C10 -> 0 | U6: =E13 -> 0
C7: Année | D7: Mois | E7: Jour | O7: =+O6+0.0025 -> 0.005 | Q7: =+Q6+1 -> 3 | R7: mars | T7: Estimation annuelle | U7: =FLOOR(POWER(U6/U5,1/(T6-T5))-1,0.0025) -> #DIV/0!
B8: Date d'adhésion au régime : | E8: 1 | F8: (selon le relevé de pension - p.3) | O8: =+O7+0.0025 -> 0.0075 | Q8: =+Q7+1 -> 4 | R8: avril
B9: Date du relevé utilisé : | D9: 12 | E9: 31 | F9: (selon la page couverture de votre relevé) | O9: =+O8+0.0025 -> 0.01 | Q9: =+Q8+1 -> 5 | R9: mai
B10: Date actuelle : | O10: =+O9+0.0025 -> 0.0125 | Q10: =+Q9+1 -> 6 | R10: juin
O11: =+O10+0.0025 -> 0.015 | Q11: =+Q10+1 -> 7 | R11: juillet
B12: Salaire annuel moyen utilisé pour le calcul de votre prestation : | F12: (selon le relevé de pension - p.2) | O12: =+O11+0.0025 -> 0.0175 | Q12: =+Q11+1 -> 8 | R12: août
B13: Salaire annuel actuel : | O13: =+O11+0.25% -> 0.0175 | Q13: =+Q12+1 -> 9 | R13: septembre
O14: =+O13+0.25% -> 0.02 | Q14: =+Q13+1 -> 10 | R14: octobre
B15: Pourcentage annuel d'augmentation salariale future | D15: 0 | O15: =+O12+0.0025 -> 0.02 | Q15: =+Q14+1 -> 11 | R15: novembre
B16: Indiquer l’augmentation future annuelle que vous prévoyez pour votre salaire. Si vous ne savez pas ou que vous pensez que votre salaire n’augmentera pas, indiquez 0.00%. | O16: =+O15+0.0025 -> 0.0225 | Q16: =+Q15+1 -> 12 | R16: décembre
B17: Attention : Le % d'augmentation salarial indiqué influencera le montant futur de vos prestations. | O17: =+O16+0.0025 -> 0.025
O18: =+O17+0.0025 -> 0.0275
B19: ="Nombre d'années de service créditées selon l'information du dernier relevé de l'Assomption Vie ("&$C$9&")" -> Nombre d'années de service créditées selon l'information du dernier relevé de l'Assomption Vie () | O19: =+O18+0.0025 -> 0.03
O20: =+O19+0.0025 -> 0.0325
B21: Avant 1992 | C21: Depuis 1992 | D21: Rachat Avant 1992 | E21: Depuis 2014 | F21: Rachat Depuis 1992 | G21: Depuis 2025 (avec indexation) | H21: Total | O21: =+O20+0.0025 -> 0.035
H22: =+SUM(B22:G22) -> 0 | O22: =+O21+0.0025 -> 0.0375
D23: Année | E23: Mois | F23: Jour | O23: =+O22+0.0025 -> 0.04
B24: Date de naissance :
B25: Date de retraite normale: (services avant 2014 si applicable) | F25: 1
B26: Date à l'âge 65 ans (1er du mois suivant, services après 2014) | D26: =IF(AND(E24=12,F24>1),D24+66,D24+65) -> 65 | E26: =IF(AND(F24=1,E24=12),E24,IF(E24=12,1,IF(F24=1,E24,E24+1))) -> 1 | F26: 1
B28: Date de retraite désirée: | O28: =73572.31*(1-0.3%*60) -> 60329.294
C29: (AAAA) | D29: (MM)
B30: =IF(OR(C28-C10<4,$J$2="Show"),"Attention","") -> Attention
B31: =IF(B30="","","L'estimation basée pour le salaire final pourrait être différente de la réalité étant donné les hypothèses du salaire moyen des trois dernières années qui sont utilisées pour approximer le résultat.") -> L'estimation basée pour le salaire final pourrait être différente de la réalité étant donné les hypothèses du salaire moyen des trois dernières années qui sont utilisées pour approximer le résultat.
B33: =IF(C5="","",C5)
B34: # mois pour atteindre la retraite désirée versus la date de retraite normale ( Utilisé pour le calcul de la pénalité) | E34: avec règle de 90 | F34: sans règle de 90
E35: =MAX(0,IF(MAX(ROUND(IF(D25="",0,DATE(D25,E25,1)-DATE(C28,D28,1))/365.25*12,0),0)>120,"Vous pouvez seulement vous retirer 10 ans avant votre date normale de retraite.",ROUND(IF(D25="",0,DATE(D25,E25,1)-DATE(C28,D28,1))/365.25*12,0))) -> 0 | F35: =MAX(0,IF(MAX(ROUND((DATE(D26,E26,1)-DATE(C28,D28,1))/365.25*12,0),0)>120,"Vous pouvez seulement vous retirer 10 ans avant votre date normale de retraite.",ROUND((DATE(D26,E26,1)-DATE(C28,D28,1))/365.25*12,0))) -> #NUM!
B37: =CONCATENATE("Estimation de la prestation en date du : 1 ",VLOOKUP($D$28,$Q$5:$R$16,2,0)&" "&$C$28) -> #N/A
B39: Calcul de vos acquis de pension jusqu'au 31 décembre 2013 ( avant l'actualisation du régime)
B41: ="Prestation annuelle le "&E72&" avant réduction" -> Prestation annuelle le avant réduction | E41: =E89 -> #N/A
B42: Réduction % | E42: =E35*0.3% -> 0
B43: Réduction $ | E43: =E41*E42 -> #N/A
B45: Nombre d'années de service créditées avant 2014 | E45: =B22+C22+F22+D22 -> 0
B46: Moyenne salariale - 3 meilleures années (plafond salarial 86 111 $) | E46: =MIN(E87,86111) -> #N/A
B47: Prestation accumulée jusqu'au 31 décembre 2013 | F47: =+E41-E43 -> #N/A
B49: Calcul de vos acquis de pension du 1er janvier 2014 au 31 décembre 2024 (après l'actualisation du régime)
B51: ="Prestation annuelle le "&E72&" avant réduction" -> Prestation annuelle le avant réduction | E51: =E90 -> #N/A
B52: Réduction % | E52: =F35*0.3% -> #NUM!
B53: Réduction $ | E53: =E51*E52 -> #N/A
B55: Nombre d'années de service créditées entre 2014 et 2024 | E55: =E22 -> 0 | F55: Limite
B56: Moyenne salariale - 3 meilleures années (sujet à la limite prescrite) | E56: =$D$87 -> #N/A | F56: =$E$87 -> #N/A
B57: Prestation accumulée à partir de janvier 2014 | F57: =+E51-E53 -> #N/A
B59: Calcul de vos acquis de pension à partir du 1er janvier 2025 (après l'actualisation du régime)
B61: ="Prestation annuelle le "&E84&" avant réduction" -> Prestation annuelle le avant réduction | E61: =E91 -> #N/A
B62: Réduction % | E62: =F35*0.3% -> #NUM!
B63: Réduction $ | E63: =E61*E62 -> #N/A
B65: Nombre d'années de service créditées à partir de 2025 | E65: =ROUND(ROUND(YEARFRAC(DATE(C28,D28,1),EOMONTH(DATE(C9,D9,E9),0),0)*12,0)/12+G22,4) -> #NUM! | F65: Limite
B66: Moyenne salariale - 3 meilleures années (sujet à la limite prescrite) | E66: =$D$87 -> #N/A | F66: =$E$87 -> #N/A
B67: Prestation accumulée à partir de janvier 2025 | F67: =+E61-E63 -> #N/A
B68: =CONCATENATE("Estimation votre prestation à la retraite au ","1 "&VLOOKUP($D$28,$Q$5:$R$16,2,0)&" "&$C$28) -> #N/A | F68: =+F57+F47 -> #N/A
B69: (sans indexation)
B70: =CONCATENATE("Estimation totale de votre prestation à la retraite au ","1 "&VLOOKUP($D$28,$Q$5:$R$16,2,0)&" "&$C$28) -> #N/A | F70: =F67 -> #N/A
B71: =CONCATENATE(,"(avec indexation selon IPC calculé au 31 octobre de l'année précédente à partir du 1 janvier ",C28+1,")*") -> (avec indexation selon IPC calculé au 31 octobre de l'année précédente à partir du 1 janvier 1)*
B72: =CONCATENATE("Estimation totale de votre prestation à la retraite au ","1 "&VLOOKUP($D$28,$Q$5:$R$16,2,0)&" "&$C$28) -> #N/A | F72: =F68+F70 -> #N/A
B73: Montant total de la réduction : (déjà réduit du montant de la prestation estimée) | E73: =+E53+E43+E63 -> #N/A
B75: Avis :
B76: Les renseignements et la calculatrice interactive vous sont offerts en tant qu'outils libre-service pour votre usage personnel. L’information présentée ou y figurant est de nature générale et est mise à votre disposition à titre d’information générale seulement et « telle quelle », sans aucune garantie notamment au niveau de son exactitude ou de sa caducité. Cette information ne doit pas être interprétée comme constituant un ou des conseils ou avis professionnel. Si vous avez besoin de conseils particuliers, veuillez consulter un professionnel qualifié dans ce domaine. Pour de l’information générale, vous pouvez vous adresser au service des ressources humaines de l’Université.
B77: *Indexation :
B78: Commençant le 1er janvier de l'année qui suit l'année au cours de laquelle les prestations de pension ont commencé à être versées, la prestation de pension sera augmentée annuellement en proportion de la moyenne annuelle de l'Indice canadien des prix à la consommation mensuel pour la période de douze mois se terminant le 31 octobre divisée par la moyenne annuelle de l'Indice canadien des prix à la consommation mensuel pour la période de douze mois se terminant le 31 octobre de l'année précédente. L'augmentation est limitée à 5% par an. Si les versements de la rente du participant ou de la participante ont débuté dans l'année qui précède l'année de l'ajustement, le ratio d'indexation s'applique au prorate du nombre de mois écoulés entre le début des versements et le 1er janvier qui suit.
E86: limit
B87: Salaire moyen final 3 ans à la date de retraite prévue: | D87: =Calculatrice!M20 -> #N/A | E87: =MIN($D$87,Calculatrice!M21) -> #N/A
B89: Rente pour service avant 2014: | E89: =((MIN(E87,86111)*(B22+C22+F22)+MIN(E87,57500)*D22)*2%) -> #N/A
B90: Rente pour service 2014 à 2024: | E90: =(E87*ROUND(E22,4)*1.5%) -> #N/A
B91: Rente pour service depuis 2025: | E91: =(E87*ROUND(YEARFRAC(DATE(C28,D28,1),DATE($C$9+1,1,1),0)+G22,4)*1.5%) -> #N/A
B93: date de retraite | E93: =+DATE(C28,D28,1) -> #NUM!

Sheet Calculatrice
E2: =MIN(2%,Data!D15) -> 0
A3: Année | B3: Salaire pour calcul | C3: Salaire carrière | D3: Rente pour service < 2013 | E3: max impôt | F3: Pour calcul moyenne 3 années | H3: https://www.canada.ca/en/revenue-agency/services/tax/registered-plans-administrators/pspa/mp-rrsp-dpsp-tfsa-limits-ympe.html
A4: =+MAX(tablemax[Année])-3 -> 2023 | B4: =+VLOOKUP($A4,$L$7:$M$11,2,0) -> #N/A | E4: =+VLOOKUP(A4,tablemax[],3,0) -> 233778 | F4: =ROUND(IF(OR(A4>YEAR($M$18),A4<YEAR($M$17)),0,YEARFRAC(MAX(DATE(A4,1,1),$M$17),MIN(DATE(A4,12,31),$M$18),0)),8) -> #NUM!
A5: =+A4+1 -> 2024 | B5: =+VLOOKUP($A5,$L$7:$M$11,2,0) -> #N/A | E5: =+IFERROR(VLOOKUP(A5,tablemax[],3,0),E4*(1+$E$2)) -> 240666.67 | F5: =ROUND(IF(OR(A5>YEAR($M$18),A5<YEAR($M$17)),0,YEARFRAC(MAX(DATE(A5,1,1),$M$17),MIN(DATE(A5,12,31),$M$18),0)),8) -> #NUM! | H5: Année | I5: Plafond des PD | J5: Salaire max
A6: =+A5+1 -> 2025 | B6: =IFERROR(VLOOKUP($A6,$L$7:$M$11,2,0),B5*(1+Data!$D$15)) -> #N/A | E6: =+IFERROR(VLOOKUP(A6,tablemax[],3,0),E5*(1+$E$2)) -> 250444.67 | F6: =ROUND(IF(OR(A6>YEAR($M$18),A6<YEAR($M$17)),0,YEARFRAC(MAX(DATE(A6,1,1),$M$17),MIN(DATE(A6,12,31),$M$18),0)),8) -> #NUM! | H6: 1990 | I6: 1722.22 | J6: =+tablemax[[#This Row],[Plafond des PD]]/0.02 -> 86111 | L6: Année | M6: Salaire annuel
A7: =+A6+1 -> 2026 | B7: =IFERROR(VLOOKUP($A7,$L$7:$M$11,2,0),B6*(1+Data!$D$15)) -> #N/A | E7: =+IFERROR(VLOOKUP(A7,tablemax[],3,0),E6*(1+$E$2)) -> 262148 | F7: =ROUND(IF(OR(A7>YEAR($M$18),A7<YEAR($M$17)),0,YEARFRAC(MAX(DATE(A7,1,1),$M$17),MIN(DATE(A7,12,31),$M$18),0)),8) -> #NUM! | H7: 1991 | I7: 1722.22 | J7: =+tablemax[[#This Row],[Plafond des PD]]/0.02 -> 86111 | L7: =+L8-1 -> -4 | M7: =+IF(L7=Data!$T$5,Data!$U$5,M8/(1+Data!$U$7)) -> #DIV/0!
A8: =+A7+1 -> 2027 | B8: =IFERROR(VLOOKUP($A8,$L$7:$M$11,2,0),B7*(1+Data!$D$15)) -> #N/A | E8: =+IFERROR(VLOOKUP(A8,tablemax[],3,0),E7*(1+$E$2)) -> 262148 | F8: =ROUND(IF(OR(A8>YEAR($M$18),A8<YEAR($M$17)),0,YEARFRAC(MAX(DATE(A8,1,1),$M$17),MIN(DATE(A8,12,31),$M$18),0)),8) -> #NUM! | H8: 1992 | I8: 1722.22 | J8: =+tablemax[[#This Row],[Plafond des PD]]/0.02 -> 86111 | L8: =+L9-1 -> -3 | M8: =+IF(L8=Data!$T$5,Data!$U$5,M9/(1+Data!$U$7)) -> #DIV/0!
A9: =+A8+1 -> 2028 | B9: =IFERROR(VLOOKUP($A9,$L$7:$M$11,2,0),B8*(1+Data!$D$15)) -> #N/A | E9: =+IFERROR(VLOOKUP(A9,tablemax[],3,0),E8*(1+$E$2)) -> 262148 | F9: =ROUND(IF(OR(A9>YEAR($M$18),A9<YEAR($M$17)),0,YEARFRAC(MAX(DATE(A9,1,1),$M$17),MIN(DATE(A9,12,31),$M$18),0)),8) -> #NUM! | H9: 1993 | I9: 1722.22 | J9: =+tablemax[[#This Row],[Plafond des PD]]/0.02 -> 86111 | L9: =+L10-1 -> -2 | M9: =+IF(L9=Data!$T$5,Data!$U$5,M10/(1+Data!$U$7)) -> #DIV/0!
A10: =+A9+1 -> 2029 | B10: =IFERROR(VLOOKUP($A10,$L$7:$M$11,2,0),B9*(1+Data!$D$15)) -> #N/A | E10: =+IFERROR(VLOOKUP(A10,tablemax[],3,0),E9*(1+$E$2)) -> 262148 | F10: =ROUND(IF(OR(A10>YEAR($M$18),A10<YEAR($M$17)),0,YEARFRAC(MAX(DATE(A10,1,1),$M$17),MIN(DATE(A10,12,31),$M$18),0)),8) -> #NUM! | H10: 1994 | I10: 1722.22 | J10: =+tablemax[[#This Row],[Plafond des PD]]/0.02 -> 86111 | L10: =+L11-1 -> -1 | M10: =+IF(L10=Data!$T$5,Data!$U$5,M11/(1+Data!$U$7)) -> 0
A11: =+A10+1 -> 2030 | B11: =IFERROR(VLOOKUP($A11,$L$7:$M$11,2,0),B10*(1+Data!$D$15)) -> #N/A | E11: =+IFERROR(VLOOKUP(A11,tablemax[],3,0),E10*(1+$E$2)) -> 262148 | F11: =ROUND(IF(OR(A11>YEAR($M$18),A11<YEAR($M$17)),0,YEARFRAC(MAX(DATE(A11,1,1),$M$17),MIN(DATE(A11,12,31),$M$18),0)),8) -> #NUM! | H11: 1995 | I11: 1722.22 | J11: =+tablemax[[#This Row],[Plafond des PD]]/0.02 -> 86111 | L11: =Data!T6 -> 0 | M11: =Data!U6 -> 0
A12: =+A11+1 -> 2031 | B12: =IFERROR(VLOOKUP($A12,$L$7:$M$11,2,0),B11*(1+Data!$D$15)) -> #N/A | E12: =+IFERROR(VLOOKUP(A12,tablemax[],3,0),E11*(1+$E$2)) -> 262148 | F12: =ROUND(IF(OR(A12>YEAR($M$18),A12<YEAR($M$17)),0,YEARFRAC(MAX(DATE(A12,1,1),$M$17),MIN(DATE(A12,12,31),$M$18),0)),8) -> #NUM! | H12: 1996 | I12: 1722.22 | J12: =+tablemax[[#This Row],[Plafond des PD]]/0.02 -> 86111
A13: =+A12+1 -> 2032 | B13: =IFERROR(VLOOKUP($A13,$L$7:$M$11,2,0),B12*(1+Data!$D$15)) -> #N/A | E13: =+IFERROR(VLOOKUP(A13,tablemax[],3,0),E12*(1+$E$2)) -> 262148 | F13: =ROUND(IF(OR(A13>YEAR($M$18),A13<YEAR($M$17)),0,YEARFRAC(MAX(DATE(A13,1,1),$M$17),MIN(DATE(A13,12,31),$M$18),0)),8) -> #NUM! | H13: 1997 | I13: 1722.22 | J13: =+tablemax[[#This Row],[Plafond des PD]]/0.02 -> 86111
A14: =+A13+1 -> 2033 | B14: =IFERROR(VLOOKUP($A14,$L$7:$M$11,2,0),B13*(1+Data!$D$15)) -> #N/A | E14: =+IFERROR(VLOOKUP(A14,tablemax[],3,0),E13*(1+$E$2)) -> 262148 | F14: =ROUND(IF(OR(A14>YEAR($M$18),A14<YEAR($M$17)),0,YEARFRAC(MAX(DATE(A14,1,1),$M$17),MIN(DATE(A14,12,31),$M$18),0)),8) -> #NUM! | H14: 1998 | I14: 1722.22 | J14: =+tablemax[[#This Row],[Plafond des PD]]/0.02 -> 86111
A15: =+A14+1 -> 2034 | B15: =IFERROR(VLOOKUP($A15,$L$7:$M$11,2,0),B14*(1+Data!$D$15)) -> #N/A | E15: =+IFERROR(VLOOKUP(A15,tablemax[],3,0),E14*(1+$E$2)) -> 262148 | F15: =ROUND(IF(OR(A15>YEAR($M$18),A15<YEAR($M$17)),0,YEARFRAC(MAX(DATE(A15,1,1),$M$17),MIN(DATE(A15,12,31),$M$18),0)),8) -> #NUM! | H15: 1999 | I15: 1722.22 | J15: =+tablemax[[#This Row],[Plafond des PD]]/0.02 -> 86111
A16: =+A15+1 -> 2035 | B16: =IFERROR(VLOOKUP($A16,$L$7:$M$11,2,0),B15*(1+Data!$D$15)) -> #N/A | E16: =+IFERROR(VLOOKUP(A16,tablemax[],3,0),E15*(1+$E$2)) -> 262148 | F16: =ROUND(IF(OR(A16>YEAR($M$18),A16<YEAR($M$17)),0,YEARFRAC(MAX(DATE(A16,1,1),$M$17),MIN(DATE(A16,12,31),$M$18),0)),8) -> #NUM! | H16: 2000 | I16: 1722.22 | J16: =+tablemax[[#This Row],[Plafond des PD]]/0.02 -> 86111
A17: =+A16+1 -> 2036 | B17: =IFERROR(VLOOKUP($A17,$L$7:$M$11,2,0),B16*(1+Data!$D$15)) -> #N/A | E17: =+IFERROR(VLOOKUP(A17,tablemax[],3,0),E16*(1+$E$2)) -> 262148 | F17: =ROUND(IF(OR(A17>YEAR($M$18),A17<YEAR($M$17)),0,YEARFRAC(MAX(DATE(A17,1,1),$M$17),MIN(DATE(A17,12,31),$M$18),0)),8) -> #NUM! | H17: 2001 | I17: 1722.22 | J17: =+tablemax[[#This Row],[Plafond des PD]]/0.02 -> 86111 | L17: Date début salaire final | M17: =+EDATE(M18,-36) -> #NUM!
A18: =+A17+1 -> 2037 | B18: =IFERROR(VLOOKUP($A18,$L$7:$M$11,2,0),B17*(1+Data!$D$15)) -> #N/A | E18: =+IFERROR(VLOOKUP(A18,tablemax[],3,0),E17*(1+$E$2)) -> 262148 | F18: =ROUND(IF(OR(A18>YEAR($M$18),A18<YEAR($M$17)),0,YEARFRAC(MAX(DATE(A18,1,1),$M$17),MIN(DATE(A18,12,31),$M$18),0)),8) -> #NUM! | H18: 2002 | I18: 1722.22 | J18: =+tablemax[[#This Row],[Plafond des PD]]/0.02 -> 86111 | L18: Date de retraite | M18: =DATE(Data!C28,Data!D28,1) -> #NUM!
A19: =+A18+1 -> 2038 | B19: =IFERROR(VLOOKUP($A19,$L$7:$M$11,2,0),B18*(1+Data!$D$15)) -> #N/A | E19: =+IFERROR(VLOOKUP(A19,tablemax[],3,0),E18*(1+$E$2)) -> 262148 | F19: =ROUND(IF(OR(A19>YEAR($M$18),A19<YEAR($M$17)),0,YEARFRAC(MAX(DATE(A19,1,1),$M$17),MIN(DATE(A19,12,31),$M$18),0)),8) -> #NUM! | H19: 2003 | I19: 1722.22 | J19: =+tablemax[[#This Row],[Plafond des PD]]/0.02 -> 86111
A20: =+A19+1 -> 2039 | B20: =IFERROR(VLOOKUP($A20,$L$7:$M$11,2,0),B19*(1+Data!$D$15)) -> #N/A | E20: =+IFERROR(VLOOKUP(A20,tablemax[],3,0),E19*(1+$E$2)) -> 262148 | F20: =ROUND(IF(OR(A20>YEAR($M$18),A20<YEAR($M$17)),0,YEARFRAC(MAX(DATE(A20,1,1),$M$17),MIN(DATE(A20,12,31),$M$18),0)),8) -> #NUM! | H20: 2004 | I20: 1833.33 | J20: =+tablemax[[#This Row],[Plafond des PD]]/0.02 -> 91666.5 | L20: Salaire moyen final | M20: =ROUND(SUMPRODUCT(B4:B55,F4:F55)/SUM(F4:F55),2) -> #N/A
A21: =+A20+1 -> 2040 | B21: =IFERROR(VLOOKUP($A21,$L$7:$M$11,2,0),B20*(1+Data!$D$15)) -> #N/A | E21: =+IFERROR(VLOOKUP(A21,tablemax[],3,0),E20*(1+$E$2)) -> 262148 | F21: =ROUND(IF(OR(A21>YEAR($M$18),A21<YEAR($M$17)),0,YEARFRAC(MAX(DATE(A21,1,1),$M$17),MIN(DATE(A21,12,31),$M$18),0)),8) -> #NUM! | H21: 2005 | I21: 2000 | J21: =+tablemax[[#This Row],[Plafond des PD]]/0.02 -> 100000 | L21: Salaire max possible | M21: =ROUND(INDEX($E$4:$E$55,MATCH(YEAR(M18)+IF(MONTH(M18)=1,-1,0),$A$4:$A$55,0),1),2) -> #NUM!
A22: =+A21+1 -> 2041 | B22: =IFERROR(VLOOKUP($A22,$L$7:$M$11,2,0),B21*(1+Data!$D$15)) -> #N/A | E22: =+IFERROR(VLOOKUP(A22,tablemax[],3,0),E21*(1+$E$2)) -> 262148 | F22: =ROUND(IF(OR(A22>YEAR($M$18),A22<YEAR($M$17)),0,YEARFRAC(MAX(DATE(A22,1,1),$M$17),MIN(DATE(A22,12,31),$M$18),0)),8) -> #NUM! | H22: 2006 | I22: 2111.11 | J22: =+tablemax[[#This Row],[Plafond des PD]]/0.02 -> 105555.5
A23: =+A22+1 -> 2042 | B23: =IFERROR(VLOOKUP($A23,$L$7:$M$11,2,0),B22*(1+Data!$D$15)) -> #N/A | E23: =+IFERROR(VLOOKUP(A23,tablemax[],3,0),E22*(1+$E$2)) -> 262148 | F23: =ROUND(IF(OR(A23>YEAR($M$18),A23<YEAR($M$17)),0,YEARFRAC(MAX(DATE(A23,1,1),$M$17),MIN(DATE(A23,12,31),$M$18),0)),8) -> #NUM! | H23: 2007 | I23: 2222.22 | J23: =+tablemax[[#This Row],[Plafond des PD]]/0.02 -> 111111
A24: =+A23+1 -> 2043 | B24: =IFERROR(VLOOKUP($A24,$L$7:$M$11,2,0),B23*(1+Data!$D$15)) -> #N/A | E24: =+IFERROR(VLOOKUP(A24,tablemax[],3,0),E23*(1+$E$2)) -> 262148 | F24: =ROUND(IF(OR(A24>YEAR($M$18),A24<YEAR($M$17)),0,YEARFRAC(MAX(DATE(A24,1,1),$M$17),MIN(DATE(A24,12,31),$M$18),0)),8) -> #NUM! | H24: 2008 | I24: 2333.33 | J24: =+tablemax[[#This Row],[Plafond des PD]]/0.02 -> 116666.5
A25: =+A24+1 -> 2044 | B25: =IFERROR(VLOOKUP($A25,$L$7:$M$11,2,0),B24*(1+Data!$D$15)) -> #N/A | E25: =+IFERROR(VLOOKUP(A25,tablemax[],3,0),E24*(1+$E$2)) -> 262148 | F25: =ROUND(IF(OR(A25>YEAR($M$18),A25<YEAR($M$17)),0,YEARFRAC(MAX(DATE(A25,1,1),$M$17),MIN(DATE(A25,12,31),$M$18),0)),8) -> #NUM! | H25: 2009 | I25: 2444.44 | J25: =+tablemax[[#This Row],[Plafond des PD]]/0.02 -> 122222
A26: =+A25+1 -> 2045 | B26: =IFERROR(VLOOKUP($A26,$L$7:$M$11,2,0),B25*(1+Data!$D$15)) -> #N/A | E26: =+IFERROR(VLOOKUP(A26,tablemax[],3,0),E25*(1+$E$2)) -> 262148 | F26: =ROUND(IF(OR(A26>YEAR($M$18),A26<YEAR($M$17)),0,YEARFRAC(MAX(DATE(A26,1,1),$M$17),MIN(DATE(A26,12,31),$M$18),0)),8) -> #NUM! | H26: 2010 | I26: 2494.44 | J26: =+tablemax[[#This Row],[Plafond des PD]]/0.02 -> 124722
A27: =+A26+1 -> 2046 | B27: =IFERROR(VLOOKUP($A27,$L$7:$M$11,2,0),B26*(1+Data!$D$15)) -> #N/A | E27: =+IFERROR(VLOOKUP(A27,tablemax[],3,0),E26*(1+$E$2)) -> 262148 | F27: =ROUND(IF(OR(A27>YEAR($M$18),A27<YEAR($M$17)),0,YEARFRAC(MAX(DATE(A27,1,1),$M$17),MIN(DATE(A27,12,31),$M$18),0)),8) -> #NUM! | H27: 2011 | I27: 2552.22 | J27: =+tablemax[[#This Row],[Plafond des PD]]/0.02 -> 127611
A28: =+A27+1 -> 2047 | B28: =IFERROR(VLOOKUP($A28,$L$7:$M$11,2,0),B27*(1+Data!$D$15)) -> #N/A | E28: =+IFERROR(VLOOKUP(A28,tablemax[],3,0),E27*(1+$E$2)) -> 262148 | F28: =ROUND(IF(OR(A28>YEAR($M$18),A28<YEAR($M$17)),0,YEARFRAC(MAX(DATE(A28,1,1),$M$17),MIN(DATE(A28,12,31),$M$18),0)),8) -> #NUM! | H28: 2012 | I28: 2646.67 | J28: =+tablemax[[#This Row],[Plafond des PD]]/0.02 -> 132333.5
A29: =+A28+1 -> 2048 | B29: =IFERROR(VLOOKUP($A29,$L$7:$M$11,2,0),B28*(1+Data!$D$15)) -> #N/A | E29: =+IFERROR(VLOOKUP(A29,tablemax[],3,0),E28*(1+$E$2)) -> 262148 | F29: =ROUND(IF(OR(A29>YEAR($M$18),A29<YEAR($M$17)),0,YEARFRAC(MAX(DATE(A29,1,1),$M$17),MIN(DATE(A29,12,31),$M$18),0)),8) -> #NUM! | H29: 2013 | I29: 2696.67 | J29: =+tablemax[[#This Row],[Plafond des PD]]/0.02 -> 134833.5
A30: =+A29+1 -> 2049 | B30: =IFERROR(VLOOKUP($A30,$L$7:$M$11,2,0),B29*(1+Data!$D$15)) -> #N/A | E30: =+IFERROR(VLOOKUP(A30,tablemax[],3,0),E29*(1+$E$2)) -> 262148 | F30: =ROUND(IF(OR(A30>YEAR($M$18),A30<YEAR($M$17)),0,YEARFRAC(MAX(DATE(A30,1,1),$M$17),MIN(DATE(A30,12,31),$M$18),0)),8) -> #NUM! | H30: 2014 | I30: 2770 | J30: =+tablemax[[#This Row],[Plafond des PD]]/0.015*0.75 -> 138500
A31: =+A30+1 -> 2050 | B31: =IFERROR(VLOOKUP($A31,$L$7:$M$11,2,0),B30*(1+Data!$D$15)) -> #N/A | E31: =+IFERROR(VLOOKUP(A31,tablemax[],3,0),E30*(1+$E$2)) -> 262148 | F31: =ROUND(IF(OR(A31>YEAR($M$18),A31<YEAR($M$17)),0,YEARFRAC(MAX(DATE(A31,1,1),$M$17),MIN(DATE(A31,12,31),$M$18),0)),8) -> #NUM! | H31: 2015 | I31: 2818.89 | J31: =+tablemax[[#This Row],[Plafond des PD]]/0.015*0.75 -> 140944.5
A32: =+A31+1 -> 2051 | B32: =IFERROR(VLOOKUP($A32,$L$7:$M$11,2,0),B31*(1+Data!$D$15)) -> #N/A | E32: =+IFERROR(VLOOKUP(A32,tablemax[],3,0),E31*(1+$E$2)) -> 262148 | F32: =ROUND(IF(OR(A32>YEAR($M$18),A32<YEAR($M$17)),0,YEARFRAC(MAX(DATE(A32,1,1),$M$17),MIN(DATE(A32,12,31),$M$18),0)),8) -> #NUM! | H32: 2016 | I32: 2890 | J32: =+tablemax[[#This Row],[Plafond des PD]]/0.015*0.75 -> 144500
A33: =+A32+1 -> 2052 | B33: =IFERROR(VLOOKUP($A33,$L$7:$M$11,2,0),B32*(1+Data!$D$15)) -> #N/A | E33: =+IFERROR(VLOOKUP(A33,tablemax[],3,0),E32*(1+$E$2)) -> 262148 | F33: =ROUND(IF(OR(A33>YEAR($M$18),A33<YEAR($M$17)),0,YEARFRAC(MAX(DATE(A33,1,1),$M$17),MIN(DATE(A33,12,31),$M$18),0)),8) -> #NUM! | H33: 2017 | I33: 2914.44 | J33: =+tablemax[[#This Row],[Plafond des PD]]/0.015*0.75 -> 145722
A34: =+A33+1 -> 2053 | B34: =IFERROR(VLOOKUP($A34,$L$7:$M$11,2,0),B33*(1+Data!$D$15)) -> #N/A | E34: =+IFERROR(VLOOKUP(A34,tablemax[],3,0),E33*(1+$E$2)) -> 262148 | F34: =ROUND(IF(OR(A34>YEAR($M$18),A34<YEAR($M$17)),0,YEARFRAC(MAX(DATE(A34,1,1),$M$17),MIN(DATE(A34,12,31),$M$18),0)),8) -> #NUM! | H34: 2018 | I34: 2944.44 | J34: =+tablemax[[#This Row],[Plafond des PD]]/0.015*0.75 -> 147222
A35: =+A34+1 -> 2054 | B35: =IFERROR(VLOOKUP($A35,$L$7:$M$11,2,0),B34*(1+Data!$D$15)) -> #N/A | E35: =+IFERROR(VLOOKUP(A35,tablemax[],3,0),E34*(1+$E$2)) -> 262148 | F35: =ROUND(IF(OR(A35>YEAR($M$18),A35<YEAR($M$17)),0,YEARFRAC(MAX(DATE(A35,1,1),$M$17),MIN(DATE(A35,12,31),$M$18),0)),8) -> #NUM! | H35: 2019 | I35: 3025.56 | J35: =+tablemax[[#This Row],[Plafond des PD]]/0.015*0.75 -> 151278
A36: =+A35+1 -> 2055 | B36: =IFERROR(VLOOKUP($A36,$L$7:$M$11,2,0),B35*(1+Data!$D$15)) -> #N/A | E36: =+IFERROR(VLOOKUP(A36,tablemax[],3,0),E35*(1+$E$2)) -> 262148 | F36: =ROUND(IF(OR(A36>YEAR($M$18),A36<YEAR($M$17)),0,YEARFRAC(MAX(DATE(A36,1,1),$M$17),MIN(DATE(A36,12,31),$M$18),0)),8) -> #NUM! | H36: 2020 | I36: 3092.22 | J36: =+tablemax[[#This Row],[Plafond des PD]]/0.015*0.75 -> 154611
A37: =+A36+1 -> 2056 | B37: =IFERROR(VLOOKUP($A37,$L$7:$M$11,2,0),B36*(1+Data!$D$15)) -> #N/A | E37: =+IFERROR(VLOOKUP(A37,tablemax[],3,0),E36*(1+$E$2)) -> 262148 | F37: =ROUND(IF(OR(A37>YEAR($M$18),A37<YEAR($M$17)),0,YEARFRAC(MAX(DATE(A37,1,1),$M$17),MIN(DATE(A37,12,31),$M$18),0)),8) -> #NUM! | H37: 2021 | I37: 3245.56 | J37: =+tablemax[[#This Row],[Plafond des PD]]/0.015 -> 216370.67
A38: =+A37+1 -> 2057 | B38: =IFERROR(VLOOKUP($A38,$L$7:$M$11,2,0),B37*(1+Data!$D$15)) -> #N/A | E38: =+IFERROR(VLOOKUP(A38,tablemax[],3,0),E37*(1+$E$2)) -> 262148 | F38: =ROUND(IF(OR(A38>YEAR($M$18),A38<YEAR($M$17)),0,YEARFRAC(MAX(DATE(A38,1,1),$M$17),MIN(DATE(A38,12,31),$M$18),0)),8) -> #NUM! | H38: 2022 | I38: 3420 | J38: =+tablemax[[#This Row],[Plafond des PD]]/0.015 -> 228000
A39: =+A38+1 -> 2058 | B39: =IFERROR(VLOOKUP($A39,$L$7:$M$11,2,0),B38*(1+Data!$D$15)) -> #N/A | E39: =+IFERROR(VLOOKUP(A39,tablemax[],3,0),E38*(1+$E$2)) -> 262148 | F39: =ROUND(IF(OR(A39>YEAR($M$18),A39<YEAR($M$17)),0,YEARFRAC(MAX(DATE(A39,1,1),$M$17),MIN(DATE(A39,12,31),$M$18),0)),8) -> #NUM! | H39: 2023 | I39: 3506.67 | J39: =+tablemax[[#This Row],[Plafond des PD]]/0.015 -> 233778
A40: =+A39+1 -> 2059 | B40: =IFERROR(VLOOKUP($A40,$L$7:$M$11,2,0),B39*(1+Data!$D$15)) -> #N/A | E40: =+IFERROR(VLOOKUP(A40,tablemax[],3,0),E39*(1+$E$2)) -> 262148 | F40: =ROUND(IF(OR(A40>YEAR($M$18),A40<YEAR($M$17)),0,YEARFRAC(MAX(DATE(A40,1,1),$M$17),MIN(DATE(A40,12,31),$M$18),0)),8) -> #NUM! | H40: 2024 | I40: 3610 | J40: =+tablemax[[#This Row],[Plafond des PD]]/0.015 -> 240666.67
A41: =+A40+1 -> 2060 | B41: =IFERROR(VLOOKUP($A41,$L$7:$M$11,2,0),B40*(1+Data!$D$15)) -> #N/A | E41: =+IFERROR(VLOOKUP(A41,tablemax[],3,0),E40*(1+$E$2)) -> 262148 | F41: =ROUND(IF(OR(A41>YEAR($M$18),A41<YEAR($M$17)),0,YEARFRAC(MAX(DATE(A41,1,1),$M$17),MIN(DATE(A41,12,31),$M$18),0)),8) -> #NUM! | H41: 2025 | I41: 3756.67 | J41: =+tablemax[[#This Row],[Plafond des PD]]/0.015 -> 250444.67
A42: =+A41+1 -> 2061 | B42: =IFERROR(VLOOKUP($A42,$L$7:$M$11,2,0),B41*(1+Data!$D$15)) -> #N/A | E42: =+IFERROR(VLOOKUP(A42,tablemax[],3,0),E41*(1+$E$2)) -> 262148 | F42: =ROUND(IF(OR(A42>YEAR($M$18),A42<YEAR($M$17)),0,YEARFRAC(MAX(DATE(A42,1,1),$M$17),MIN(DATE(A42,12,31),$M$18),0)),8) -> #NUM! | H42: 2026 | I42: 3932.22 | J42: =+tablemax[[#This Row],[Plafond des PD]]/0.015 -> 262148
A43: =+A42+1 -> 2062 | B43: =IFERROR(VLOOKUP($A43,$L$7:$M$11,2,0),B42*(1+Data!$D$15)) -> #N/A | E43: =+IFERROR(VLOOKUP(A43,tablemax[],3,0),E42*(1+$E$2)) -> 262148 | F43: =ROUND(IF(OR(A43>YEAR($M$18),A43<YEAR($M$17)),0,YEARFRAC(MAX(DATE(A43,1,1),$M$17),MIN(DATE(A43,12,31),$M$18),0)),8) -> #NUM!
A44: =+A43+1 -> 2063 | B44: =IFERROR(VLOOKUP($A44,$L$7:$M$11,2,0),B43*(1+Data!$D$15)) -> #N/A | E44: =+IFERROR(VLOOKUP(A44,tablemax[],3,0),E43*(1+$E$2)) -> 262148 | F44: =ROUND(IF(OR(A44>YEAR($M$18),A44<YEAR($M$17)),0,YEARFRAC(MAX(DATE(A44,1,1),$M$17),MIN(DATE(A44,12,31),$M$18),0)),8) -> #NUM!
A45: =+A44+1 -> 2064 | B45: =IFERROR(VLOOKUP($A45,$L$7:$M$11,2,0),B44*(1+Data!$D$15)) -> #N/A | E45: =+IFERROR(VLOOKUP(A45,tablemax[],3,0),E44*(1+$E$2)) -> 262148 | F45: =ROUND(IF(OR(A45>YEAR($M$18),A45<YEAR($M$17)),0,YEARFRAC(MAX(DATE(A45,1,1),$M$17),MIN(DATE(A45,12,31),$M$18),0)),8) -> #NUM!
A46: =+A45+1 -> 2065 | B46: =IFERROR(VLOOKUP($A46,$L$7:$M$11,2,0),B45*(1+Data!$D$15)) -> #N/A | E46: =+IFERROR(VLOOKUP(A46,tablemax[],3,0),E45*(1+$E$2)) -> 262148 | F46: =ROUND(IF(OR(A46>YEAR($M$18),A46<YEAR($M$17)),0,YEARFRAC(MAX(DATE(A46,1,1),$M$17),MIN(DATE(A46,12,31),$M$18),0)),8) -> #NUM!
A47: =+A46+1 -> 2066 | B47: =IFERROR(VLOOKUP($A47,$L$7:$M$11,2,0),B46*(1+Data!$D$15)) -> #N/A | E47: =+IFERROR(VLOOKUP(A47,tablemax[],3,0),E46*(1+$E$2)) -> 262148 | F47: =ROUND(IF(OR(A47>YEAR($M$18),A47<YEAR($M$17)),0,YEARFRAC(MAX(DATE(A47,1,1),$M$17),MIN(DATE(A47,12,31),$M$18),0)),8) -> #NUM!
A48: =+A47+1 -> 2067 | B48: =IFERROR(VLOOKUP($A48,$L$7:$M$11,2,0),B47*(1+Data!$D$15)) -> #N/A | E48: =+IFERROR(VLOOKUP(A48,tablemax[],3,0),E47*(1+$E$2)) -> 262148 | F48: =ROUND(IF(OR(A48>YEAR($M$18),A48<YEAR($M$17)),0,YEARFRAC(MAX(DATE(A48,1,1),$M$17),MIN(DATE(A48,12,31),$M$18),0)),8) -> #NUM!
A49: =+A48+1 -> 2068 | B49: =IFERROR(VLOOKUP($A49,$L$7:$M$11,2,0),B48*(1+Data!$D$15)) -> #N/A | E49: =+IFERROR(VLOOKUP(A49,tablemax[],3,0),E48*(1+$E$2)) -> 262148 | F49: =ROUND(IF(OR(A49>YEAR($M$18),A49<YEAR($M$17)),0,YEARFRAC(MAX(DATE(A49,1,1),$M$17),MIN(DATE(A49,12,31),$M$18),0)),8) -> #NUM!
A50: =+A49+1 -> 2069 | B50: =IFERROR(VLOOKUP($A50,$L$7:$M$11,2,0),B49*(1+Data!$D$15)) -> #N/A | E50: =+IFERROR(VLOOKUP(A50,tablemax[],3,0),E49*(1+$E$2)) -> 262148 | F50: =ROUND(IF(OR(A50>YEAR($M$18),A50<YEAR($M$17)),0,YEARFRAC(MAX(DATE(A50,1,1),$M$17),MIN(DATE(A50,12,31),$M$18),0)),8) -> #NUM!
A51: =+A50+1 -> 2070 | B51: =IFERROR(VLOOKUP($A51,$L$7:$M$11,2,0),B50*(1+Data!$D$15)) -> #N/A | E51: =+IFERROR(VLOOKUP(A51,tablemax[],3,0),E50*(1+$E$2)) -> 262148 | F51: =ROUND(IF(OR(A51>YEAR($M$18),A51<YEAR($M$17)),0,YEARFRAC(MAX(DATE(A51,1,1),$M$17),MIN(DATE(A51,12,31),$M$18),0)),8) -> #NUM!
A52: =+A51+1 -> 2071 | B52: =IFERROR(VLOOKUP($A52,$L$7:$M$11,2,0),B51*(1+Data!$D$15)) -> #N/A | E52: =+IFERROR(VLOOKUP(A52,tablemax[],3,0),E51*(1+$E$2)) -> 262148 | F52: =ROUND(IF(OR(A52>YEAR($M$18),A52<YEAR($M$17)),0,YEARFRAC(MAX(DATE(A52,1,1),$M$17),MIN(DATE(A52,12,31),$M$18),0)),8) -> #NUM!
A53: =+A52+1 -> 2072 | B53: =IFERROR(VLOOKUP($A53,$L$7:$M$11,2,0),B52*(1+Data!$D$15)) -> #N/A | E53: =+IFERROR(VLOOKUP(A53,tablemax[],3,0),E52*(1+$E$2)) -> 262148 | F53: =ROUND(IF(OR(A53>YEAR($M$18),A53<YEAR($M$17)),0,YEARFRAC(MAX(DATE(A53,1,1),$M$17),MIN(DATE(A53,12,31),$M$18),0)),8) -> #NUM!
A54: =+A53+1 -> 2073 | B54: =IFERROR(VLOOKUP($A54,$L$7:$M$11,2,0),B53*(1+Data!$D$15)) -> #N/A | E54: =+IFERROR(VLOOKUP(A54,tablemax[],3,0),E53*(1+$E$2)) -> 262148 | F54: =ROUND(IF(OR(A54>YEAR($M$18),A54<YEAR($M$17)),0,YEARFRAC(MAX(DATE(A54,1,1),$M$17),MIN(DATE(A54,12,31),$M$18),0)),8) -> #NUM!
A55: =+A54+1 -> 2074 | B55: =IFERROR(VLOOKUP($A55,$L$7:$M$11,2,0),B54*(1+Data!$D$15)) -> #N/A | E55: =+IFERROR(VLOOKUP(A55,tablemax[],3,0),E54*(1+$E$2)) -> 262148 | F55: =ROUND(IF(OR(A55>YEAR($M$18),A55<YEAR($M$17)),0,YEARFRAC(MAX(DATE(A55,1,1),$M$17),MIN(DATE(A55,12,31),$M$18),0)),8) -> #NUM!
